 Dungeon Crawl Stone Soup version 0.18.1-48-g4cf74bf (webtiles) character file.

51 Charly the Insei (level 3, 0/18 HPs)
             Began as a Vine Stalker Transmuter on Sept 3, 2016.
             Was an Initiate of Cheibriados.
             Slain by a centaur (4 damage)
             ... on level 5 of the Dungeon.
             The game lasted 00:11:55 (555 turns).

Charly the Insei (Vine Stalker Transmuter)           Turns: 555, Time: 00:11:56

Health: 0/18       AC:  2    Str: 13    XL:     3   Next: 81%
Magic:  0/7        EV: 12    Int: 15    God:    Cheibriados [......]
Gold:   58         SH:  0    Dex: 15    Spells: 2 memorised, 3 levels left

rFire  . . .     SeeInvis .       - Unarmed
rCold  . . .     Gourm    .     b - +0 robe
rNeg   . . .     Faith    .     (no shield)
rPois  .         Spirit   +     (no helmet)
rElec  .         Dismiss  .     (no cloak)
rCorr  .         Reflect  .     (no gloves)
SustAt .         Harm     .     (no boots)
MR     .....                    (no amulet)
Stlth  +.........               (no ring)
                                (no ring)

@: slow, not resistant to hostile enchantments, very unstealthy
A: fangs 2, regeneration 1, magic shield, antimagic bite, no device heal 3, rot
immunity
a: Bend Time, Renounce Religion


You were on level 5 of the Dungeon.
You worshipped Cheibriados.
Cheibriados was noncommittal.
You were not hungry.

You visited 1 branch of the dungeon, and saw 5 of its levels.

You collected 58 gold pieces.

Inventory:

Missiles
 a - 83 arrows
Armour
 b - a +0 robe (worn)
Scrolls
 f - 2 scrolls of fog
Potions
 e - a potion of heal wounds
 g - a potion of cure mutation {unknown}
 h - a potion of haste {unknown}
 j - 2 potions of brilliance
 l - a potion of curing {unknown}
 n - a potion of resistance {unknown}
Books
 c - a book of Changes

   Spells                             Type                      Level
   a - Beastly Appendage              Transmutation                1
   b - Sticks to Snakes               Transmutation                2
   c - Spider Form                    Transmutation/Poison         3
   d - Ice Form                       Ice/Transmutation            4
   e - Blade Hands                    Transmutation                5
Comestibles
 d - 4 bread rations


   Skills:
 + Level 1.9 Fighting
 - Level 1.5 Dodging
 * Level 4.1 Unarmed Combat
 - Level 2.1 Spellcasting
 - Level 2.0 Transmutations


You had 3 spell levels left.
You knew the following spells:

 Your Spells              Type           Power        Failure   Level  Hunger
a - Beastly Appendage     Trmt           #.....       12%         1    #......
s - Sticks to Snakes      Trmt           #.......     14%         2    ###....


Dungeon Overview and Level Annotations

Branches:
Dungeon (5/15)
 Temple: D:4-7

Altars:
Cheibriados
Fedhas

Annotations:
D:2 Sigmund


Innate Abilities, Weirdness & Mutations

You have extremely sharp teeth.
Your natural rate of healing is unusually fast.
When hurt, damage is shared between your health and your magic reserves.
Your bite disrupts and absorbs the magic of your enemies.
Potions and wands cannot restore your health.
You are immune to rotting.


Message History

There is a large open door here.
You hear the slow rusting of a very distant drain.
A centaur comes into view.
The centaur shouts!
The centaur barely misses you.
Drink which item? (? for menu, Esc to quit)
Okay, then.
Casting: Sticks to Snakes
Confirm with . or Enter, or press ? or * to list all spells.
You create a snake!
You now have 83 arrows.
The centaur hits you. The centaur hits you!
You hit the centaur. You bite the centaur, but do no damage.
The centaur is lightly wounded.
The centaur hits you!
* * * LOW HITPOINT WARNING * * *
Your ball python barely misses the centaur.
You hit the centaur but do no damage.
The centaur is lightly wounded.
The centaur barely misses you. The centaur hits you.
You die...

#. ## ##########
## #. ..#.. ..#
#. # #.#.# #.#
### #.
#.##.#.###.###..
#.
#..............#
#.
####.#.###.#####
#c#####.#.# #.#
#S@.....#.. ..#
###############


You could see a centaur and a friendly ball python.

Vanquished Creatures
  An adder (D:2)
  A dart slug (D:1)
  A giant gecko (D:1)
  A bat (D:1)
  2 giant cockroaches (D:1)
  2 goblins (D:1)
  2 hobgoblins
  3 jackals (D:2)
  A kobold (D:1)
  2 giant newts (D:1)
  6 rats (D:1)
22 creatures vanquished.

Vanquished Creatures (collateral kills)
  2 adders (D:2)
  A worm (D:2)
  A giant gecko (D:2)
  A kobold (D:2)
  A giant newt (D:2)
  A rat (D:2)
7 creatures vanquished.

Grand Total: 29 creatures vanquished

Notes
Turn   | Place    | Note
--------------------------------------------------------------
     0 | D:1      | Charly the Vine Stalker Transmuter began the quest for the Orb.
     0 | D:1      | Reached XP level 1. HP: 9/9 MP: 4/4
    39 | D:1      | Reached XP level 2. HP: 11/14 MP: 6/6
    51 | D:1      | Learned a level 2 spell: Sticks to Snakes
    61 | D:1      | Reached skill level 1 in Fighting
   155 | D:2      | Noticed Sigmund
   229 | D:2      | Reached XP level 3. HP: 15/18 MP: 3/7
   251 | D:2      | Reached skill level 4 in Unarmed Combat
   431 | D:5      | Entered Level 5 of the Dungeon
   509 | D:5      | Found a snail-covered altar of Cheibriados.
   509 | D:5      | Found a blossoming altar of Fedhas.
   513 | D:5      | Became a worshipper of Cheibriados the Contemplative
   552 | D:5      | Noticed a centaur
   555 | D:5      | Slain by a centaur

Skill      XL: |  1  2  3 |
---------------+----------+-----
Fighting       | 1 |  1.9
Unarmed Combat | 4 |  4.1
Dodging        | |  1.5
Spellcasting   | |  2.1
Transmutations | |  2.0

Action                   || total
-------------------------++-------
Melee: Unarmed           ||    88
       Bite              ||    24
       Punch             ||     2
 Cast: Sticks to Snakes  ||     5
  Use: Potion            ||     1
       Scroll            ||     5
Armor: Robe              ||    14
Dodge: Dodged            ||    47
